 Dungeon Crawl Stone Soup version 0.28-a0-1435-g82390b3a13 (webtiles) character file.

Game seed: 13909704916174143257

49 Hasart the Skirmisher (level 3, 0/40 HPs)
             Began as an Ogre Fighter on Jan 9, 2022.
             Slain by a black bear (12 damage)
             ... on level 2 of the Dungeon.
             The game lasted 00:01:17 (1263 turns).

Hasart the Skirmisher (Ogre Fighter)                Turns: 1263, Time: 00:01:19

Health: 0/40       AC:  3    Str: 22    XL:     3   Next: 75%
Magic:  3/3        EV:  8    Int:  9    God:
Gold:   50         SH:  7    Dex:  8    Spells: 2/2 levels left

rFire   . . .      SeeInvis .   a - +0 war axe
rCold   . . .      Faith    .   c - +0 kite shield
rNeg    . . .      Spirit   .   b - +0 robe
rPois   .          Reflect  .   (helmet restricted)
rElec   .          Harm     .   (no cloak)
rCorr   .          Rampage  .   (gloves unavailable)
Will    .....                   (boots unavailable)
Stlth   +.........              (no amulet)
HPRegen 0.13/turn               (no ring)
MPRegen 0.08/turn               (no ring)

@: no status effects
A: large, unfitting armour, tough skin 1
a: no special abilities


You were on level 2 of the Dungeon.
You visited 1 branch of the dungeon, and saw 2 of its levels.

You collected 50 gold pieces.

Inventory:

Hand Weapons
 a - a +0 war axe (weapon)
Armour
 b - a +0 robe (worn)
 c - a +0 kite shield (worn)
Scrolls
 e - 3 scrolls of identify {unknown}
Potions
 d - a potion of might
 f - a potion of degeneration {unknown}


   Skills:
 + Level 4.5 Fighting
 * Level 3.0 Axes
 + Level 3.0 Dodging
 + Level 3.0 Shields


You had 2 spell levels left.
You didn't know any spells.
Your spell library was empty.

Dungeon Overview and Level Annotations

Branches:
Dungeon (2/15)

Altars:


Innate Abilities, Weirdness & Mutations

You are too large for most types of armour.
You have tough skin. (AC +1)


Message History

The black bear is lightly wounded.
The black bear barely misses you. x2; You block the black bear's attack.
The black bear barely misses you. The black bear completely misses you.
The black bear claws you.
You hit the black bear.
The black bear is moderately wounded.
You block the black bear's attack. The black bear claws you.
The black bear completely misses you.
You slash the black bear!
The black bear is severely wounded.
The black bear bites you. The black bear barely misses you.
The black bear misses you. You block the black bear's attack.
The black bear claws you but does no damage. x2
You barely miss the black bear.
The black bear is severely wounded.
The black bear closely misses you. You block the black bear's attack.
The black bear claws you.
You barely miss the black bear.
The black bear is severely wounded.
The black bear goes berserk!
You barely miss the black bear.
The black bear is severely wounded.
The black bear barely misses you.
The black bear claws you but does no damage. x2
The black bear bites you but does no damage.
You block the black bear's attack. The black bear claws you.
You block the black bear's attack. The black bear barely misses you.
The black bear claws you.
You hit the black bear.
The black bear is severely wounded.
The black bear barely misses you. You block the black bear's attack. x2
The black bear barely misses you. The black bear claws you.
You block the black bear's attack.
You barely miss the black bear.
The black bear is severely wounded.
The black bear bites you. You block the black bear's attack.
The black bear claws you.
* * * LOW HITPOINT WARNING * * *
The black bear bites you!
You die...

.# .# #.#
###.. ...
#.# ♣.♣
###♣♣.♣♣###
#.)..@....#
#.#♣♣h♣♣#.#
♣.♣ #)# ...
### #.


You could see a black bear (berserk).

Vanquished Creatures
  A gnoll (D:1)
  An adder (D:2)
  2 dart slugs (D:1)
  3 bats (D:1)
  3 endoplasms (D:1)
  A goblin (D:1)
  A hobgoblin (D:1)
  2 jackals (D:1)
  3 kobolds
  3 quokkas (D:1)
  3 rats
23 creatures vanquished.

Notes
Turn   | Place    | Note
-------+----------+-------------------------------------------
     0 | D:1      | Hasart the Ogre Fighter began the quest for the Orb.
     0 | D:1      | Reached XP level 1. HP: 24/24 MP: 1/1
   175 | D:1      | Reached XP level 2. HP: 5/32 MP: 2/2
   494 | D:1      | Reached XP level 3. HP: 33/40 MP: 3/3
  1252 | D:2      | Noticed a black bear
  1263 | D:2      | Slain by a black bear

Illustrated notes

Levels and vault maps discovered:
D:1:      dpeg_arrival_round_b, layout_basic
D:2:      layout_loops_corners, ebering_ecumenical_altar_mist,
          grunt_ministairs_12, minmay_tree_intersection, uniq_crazy_yiuf_cottage

Skill      XL: |  1  2  3 |
---------------+----------+-----
Axes           | 3 |  3.0
Dodging        | 3 |  3.0
Shields        | 3 |  3.0
Fighting       | |  4.5

Action                   || total
-------------------------++-------
Melee: War axe           ||    75
 Stab: Sleeping          ||     1
Armor: Robe              ||    30
Dodge: Dodged            ||    41
Block: Kite shield       ||    44

Table legend: (Time is in decaauts)
 A = Elapsed time spent in this place.
 B = Non-inter-level travel time spent in this place.
 C = Inter-level travel time spent in this place.
 D = Time resting spent in this place.
 E = Time spent auto-exploring this place.
 F = Levels seen in this place.
 G = Mean time per level.
                   A        B        C        D        E       F      G
               +--------+--------+--------+--------+--------+-----+--------+
         Total |   1300 |   1282 |     18 |    418 |    675 |   2 |  650.0 |
       Dungeon |   1300 |   1282 |     18 |    418 |    675 |   2 |  650.0 |
               +--------+--------+--------+--------+--------+-----+--------+

Top non-repeatable levels by time:
     D:1: 1105 daAuts
     D:2: 194 daAuts
